Map: 세룰리안 폴 - 래더

Players

Classic

  • Race: Protoss Protoss
  • League: Master
  • Spawn Location: 7:00

lllllllllll (sOs) - Winner!

  • Race: Protoss Protoss
  • League: Master
  • Spawn Location: 1:00

Event: IEM Season 13 - Katowice Server Qualifiers Asia 1

VOD

Have the link to the VOD?

Description

Time

  • Played on: Jan. 14, 2019, 5:11 a.m.
  • Length: 9:25

All games in this series

Show
View Real Time Build Order
Export as new Build Order

Classic Protoss 

Build Orders: Blink Stalkers 

Get SALT Encoding   

  12  0:00  Probe  
  13  0:12  Probe  
  14  0:17  Pylon  
  14  0:23  Probe  
  15  0:31  Probe  
  15  0:39  Gateway, Probe  
  16  0:46  Assimilator  
  17  0:51  Probe  
  18  0:59  Forge  
  18  1:04  Pylon  
  19  1:11  Probe  
  19  1:19  Zealot  
  19  1:32  Photon Cannon  
  21  1:34  Probe, Assimilator  
  22  1:41  Pylon  
  22  1:58  Photon Cannon  
  22  2:01  Pylon  
  22  2:07  Cybernetics Core  
  22  2:12  Assimilator  
  22  2:16  Probe  
  23  2:27  Gateway  
  23  2:29  Probe  
  24  2:33  Stalker  
  24  2:41  Probe  
  27  2:44  Warp Gate  
  27  2:50  Photon Cannon  
  27  2:59  Photon Cannon  
  27  3:07  Stalker  
  27  3:11  Pylon  
  29  3:14  Probe  
  30  3:29  Stalker  
  30  3:31  Robotics Facility  
  32  3:42  Twilight Council  
  32  3:49  Blink  
  32  3:51  Probe  
  32  4:03  Probe  
  32  4:06  Pylon  
  33  4:17  Nexus  
  33  4:19  Probe  
  34  4:31  Probe  
  35  4:43  Pylon  
  35  4:44  Probe  
  36  4:46  Sentry, Stalker  
  40  4:54  Robotics Facility  
  40  4:56  Probe  
  40  4:58  Phoenix  
  41  5:02  Pylon  
  41  5:08  Probe  
  42  5:15  Stalker  
  42  5:18  Stalker  
  46  5:22  Probe  
  46  5:23  Protoss Ground Weapons Level 1  
  46  5:26  Probe  
  47  5:34  Probe  
  47  5:35  Probe  
  50  5:43  Observer  
  50  5:44  Probe  
  50  5:46  Probe  
  53  5:56  Probe  
  54  5:58  Probe, Stalker x2  
  59  6:08  Probe  
  59  6:09  Pylon  
  59  6:10  Probe  
  61  6:15  Assimilator  
  61  6:17  Assimilator  
  57  6:31  Immortal  
  59  6:33  Probe x2  
  59  6:39  Gateway  
  61  6:40  Gateway  
  61  6:45  Probe x2  
  63  6:48  Protoss Ground Weapons Level 2  
  63  6:49  Gateway  
  63  6:50  Gateway  
  63  7:04  Charge  
  63  7:07  Immortal  
  63  7:11  Probe x2  
  69  7:24  Templar Archives  
  69  7:29  Gateway  
  69  7:30  Gateway  
  69  7:34  Pylon  
  69  7:38  Warp Prism  
  71  7:53  Nexus  
  71  8:00  Pylon  
  71  8:06  Observer  
  71  8:07  High Templar x3  
  71  8:11  High Templar, Zealot  
  71  8:12  Zealot  
  83  8:13  Archon  
  83  8:16  Immortal  
  83  8:17  Archon  
  87  8:29  Zealot x2  
  87  8:34  Zealot x2  
  95  8:40  Zealot x2  
  99  8:50  Zealot  
  99  8:53  Pylon  
  101  9:04  Zealot x4  
  101  9:09  Zealot  
  95  9:13  Zealot  
  95  9:14  Zealot  
  77  9:18  Zealot  
Show
View Real Time Build Order
Export as new Build Order

lllllllllll Protoss - Winner!

Build Orders: Zealot Archon 

Get SALT Encoding   

  12  0:01  Probe  
  13  0:13  Probe  
  14  0:18  Pylon  
  14  0:25  Probe  
  15  0:33  Probe  
  15  0:39  Forge  
  15  0:41  Probe  
  17  0:54  Probe  
  17  0:56  Pylon  
  18  1:07  Probe  
  19  1:14  Photon Cannon  
  19  1:20  Photon Cannon  
  19  1:40  Probe  
  20  1:47  Gateway  
  20  1:53  Probe  
  19  1:57  Pylon  
  19  2:01  Probe  
  20  2:02  Assimilator  
  20  2:04  Assimilator  
  21  2:09  Probe  
  22  2:16  Pylon  
  22  2:21  Probe  
  23  2:33  Probe  
  23  2:34  Pylon  
  24  2:39  Cybernetics Core  
  24  2:45  Probe  
  25  2:52  Photon Cannon  
  25  2:54  Photon Cannon  
  25  2:55  Photon Cannon  
  25  2:58  Warp Gate  
  25  2:59  Photon Cannon  
  25  3:01  Probe  
  26  3:13  Probe  
  26  3:15  Stargate  
  27  3:21  Stalker  
  29  3:30  Nexus  
  28  3:35  Pylon  
  28  3:37  Probe  
  29  3:49  Stalker  
  31  3:57  Twilight Council  
  31  4:05  Gateway  
  31  4:06  Gateway  
  31  4:11  Probe  
  31  4:12  Sentry  
  31  4:17  Blink  
  32  4:21  Shield Battery  
  34  4:25  Probe  
  35  4:34  Shield Battery  
  35  4:43  Probe  
  38  4:46  Probe  
  39  4:56  Probe, Pylon  
  38  5:00  Sentry  
  38  5:01  Stalker  
  42  5:07  Stalker  
  42  5:08  Probe  
  42  5:09  Probe  
  46  5:14  Oracle  
  46  5:17  Protoss Ground Weapons Level 1  
  46  5:20  Probe  
  47  5:21  Probe  
  47  5:26  Stalker  
  47  5:27  Pylon  
  50  5:35  Probe x2  
  52  5:43  Probe  
  52  5:47  Probe  
  52  5:49  Assimilator  
  54  5:50  Assimilator  
  54  5:51  Probe  
  54  5:52  Robotics Facility  
  55  5:59  Probe  
  55  6:04  Probe, Pylon  
  56  6:07  Stalker x2  
  61  6:11  Probe  
  60  6:22  Phoenix  
  60  6:26  Stalker  
  62  6:36  Protoss Ground Weapons Level 2  
  62  6:37  Charge  
  62  6:42  Gateway  
  62  6:43  Gateway  
  62  6:45  Observer  
  63  6:47  Gateway x2  
  63  6:51  Gateway, Zealot x3  
  69  6:56  Pylon  
  69  6:57  Pylon  
  69  7:01  Observer  
  69  7:05  Templar Archives  
  69  7:13  Warp Prism  
  71  7:19  Pylon  
  71  7:25  Zealot x3  
  71  7:29  Probe  
  78  7:44  Nexus  
  78  7:47  High Templar x2  
  82  7:51  Archon  
  82  7:53  Pylon  
  82  7:59  Zealot x2  
  82  8:00  Zealot  
  88  8:10  High Templar x2  
  88  8:11  Zealot  
  94  8:14  Archon  
  94  8:19  Pylon  
  94  8:25  Zealot x4  
  102  8:46  High Templar x2  
  106  8:50  Archon, Pylon  
  106  8:51  Zealot x2  
  110  8:57  Zealot x4  
  102  9:11  Zealot  
  102  9:12  Zealot  
  86  9:18  Zealot x5  

Tags
 
Add a new tag
Caveats
  • Supply blocks, unpowered buildings, or Contaminate may cause inaccurate times.
  • Supply counts are checked every 10 seconds.